 Dungeon Crawl Stone Soup version 0.26-a0-689-gc93c913f66 (webtiles) character file.

Game seed: 7387943821827746711

139 Kinoniko the Ducker (level 5, -1/35 HPs)
             Began as a Halfling Monk on Oct 23, 2020.
             Killed from afar by an orc wizard (12 damage)
             ... with a puff of flame
             ... on level 3 of the Dungeon.
             The game lasted 00:02:22 (2542 turns).

Kinoniko the Ducker (Halfling Monk)                 Turns: 2542, Time: 00:02:22

Health: -1/35      AC:  5    Str: 13    XL:     5   Next: 46%
Magic:  5/5        EV: 16    Int:  8    God:
Gold:   129        SH:  0    Dex: 17    Spells: 4/4 levels left

rFire    . . .     SeeInvis .   a - +0 falchion
rCold    . . .     Faith    .   (shield restricted)
rNeg     . . .     Spirit   .   o - +0 ring mail
rPois    .         Reflect  .   (no helmet)
rElec    .         Harm     .   (no cloak)
rCorr    .         Rampage  .   (no gloves)
MR       .....                  (no boots)
Stlth    ++........             (no amulet)
HPRegen  0.11/turn              (no ring)
MPRegen  0.09/turn              (no ring)

@: no status effects
A: small, mutation resistance 1
a: no special abilities


You were on level 3 of the Dungeon.
You visited 1 branch of the dungeon, and saw 3 of its levels.

You collected 129 gold pieces.

Inventory:

Hand Weapons
 a - a +0 falchion (weapon)
Armour
 b - a +0 robe
 g - a +0 leather armour
 o - a +0 ring mail (worn)
Jewellery
 e - a cursed -4 ring of protection {unknown}
Wands
 l - a wand of paralysis (9)
Scrolls
 d - 3 scrolls of identify {unknown}
 h - 3 scrolls of teleportation {unknown}
 k - a scroll of fog {unknown}
 m - a scroll of remove curse {unknown}
Potions
 c - 2 potions of lignification
 f - a potion of degeneration {unknown}
 i - a potion of might {unknown}
 j - a potion of cancellation {unknown}
 n - a potion of curing {unknown}


   Skills:
 - Level 2.6 Fighting
 * Level 4.5 Long Blades
 * Level 5.0 Dodging
 - Level 2.1 Stealth


You had 4 spell levels left.
You didn't know any spells.
Your spell library was empty.

Dungeon Overview and Level Annotations

Branches:
Dungeon (3/15)

Altars:


Innate Abilities, Weirdness & Mutations

You are small and have problems with some larger weapons.
You are somewhat resistant to further mutation.


Message History

You barely miss something. Something hits you but does no damage.
You miss something.
You hear some strange, mumbled words.
Something tries to affect you, but you resist.
You closely miss something. Something hits you.
You hit something.
You hear some strange, mumbled words.
Something tries to affect you, but you resist.
You miss something. Something barely misses you.
You miss something. Something hits you.
You completely miss something. Something hits you but does no damage.
You miss something.
You hear some strange, mumbled words.
Something tries to affect you, but you resist.
You hit something. Something closely misses you.
You hit something but do no damage.
You hear some strange, mumbled words.
A puff of flame appears from out of thin air!
The puff of flame hits you!
You die...

#..####.###
###.^.
#..........
....
##.########
####
..######..#
..........#
.#######..# #
#..# ..#
##.######.....
#.@{)........
#.###........
#.# ##....#..
#.# #......
#.# ...... #.#
...... #.#
..#.. #.#
##+## #.#


There were no monsters in sight!

Vanquished Creatures
  An orc priest (D:3)
  5 adders
  2 worms (D:2)
  2 dart slugs (D:2)
  6 orcs (D:3)
  9 bats
  4 giant cockroaches
  5 goblins
  3 kobolds
  A quokka (D:2)
  3 ball pythons
  5 frilled lizards
  6 rats
52 creatures vanquished.

Notes
Turn   | Place    | Note
-------+----------+-------------------------------------------
     0 | D:1      | Kinoniko the Halfling Monk began the quest for the Orb.
     0 | D:1      | Reached XP level 1. HP: 15/15 MP: 1/1
   233 | D:1      | Reached XP level 2. HP: 15/20 MP: 2/2
   717 | D:1      | Reached XP level 3. HP: 25/25 MP: 3/3
   975 | D:2      | Reached skill level 4 in Dodging
  1327 | D:2      | Reached XP level 4. HP: 30/30 MP: 4/4
  2064 | D:3      | Reached XP level 5. HP: 22/35 MP: 5/5
  2517 | D:3      | Reached skill level 5 in Dodging
  2542 | D:3      | Killed from afar by an orc wizard

Illustrated notes

Levels and vault maps discovered:
D:1:      dpeg_arrival_circle_labyrinth_c, layout_basic
D:2:      layout_rooms
D:3:      layout_loops_ring, minmay_misc_feat_room, minmay_pentangle

Skill      XL: |  1  2  3  4  5 |
---------------+----------------+-----
Dodging        | 4 5 |  5.0
Long Blades    | 4 |  4.5
Fighting       | |  2.6
Stealth        | |  2.1

Action                   |  1- 3 |  4- 6 || total
-------------------------+-------+-------++-------
Melee: Falchion          |    57 |   127 ||   184
  Use: Potion            |       |     1 ||     1
 Stab: Sleeping          |     4 |     3 ||     7
Armor: Leather armour    |    14 |     5 ||    19
       Ring mail         |       |    16 ||    16
       Skin              |       |    10 ||    10
Dodge: Dodged            |    87 |    87 ||   174
       Rpst.: Falchion   |    24 |    31 ||    55

Table legend: (Time is in decaauts)
 A = Elapsed time spent in this place.
 B = Non-inter-level travel time spent in this place.
 C = Inter-level travel time spent in this place.
 D = Time resting spent in this place.
 E = Time spent auto-exploring this place.
 F = Levels seen in this place.
 G = Mean time per level.
                   A        B        C        D        E       F      G
               +--------+--------+--------+--------+--------+-----+--------+
         Total |   2560 |   2476 |     84 |    984 |   1071 |   3 |  853.3 |
       Dungeon |   2560 |   2476 |     84 |    984 |   1071 |   3 |  853.3 |
               +--------+--------+--------+--------+--------+-----+--------+

Top non-repeatable levels by time:
     D:1: 1226 daAuts
     D:2: 813 daAuts
     D:3: 521 daAuts
